 Dungeon Crawl Stone Soup version 0.22-a0-482-g76e0a5f (webtiles) character file.

415 stealthycow the Ruffian (level 6, -1/61 HPs)
             Began as a Troll Fighter on June 17, 2018.
             Slain by Prince Ribbit (18 damage)
             ... on level 5 of the Dungeon.
             The game lasted 00:06:43 (3449 turns).

stealthycow the Ruffian (Troll Fighter)             Turns: 3449, Time: 00:06:43

Health: -1/61      AC:  5    Str: 27    XL:     6   Next: 60%
Magic:  0/5        EV:  9    Int:  4    God:
Gold:   134        SH:  9    Dex:  9    Spells: 5/5 levels left

rFire    . . .     SeeInvis .     - Unarmed
rCold    . . .     Gourm    +   b - +0 shield
rNeg     . . .     Faith    .   a - +0 robe
rPois    .         Spirit   +   (helmet restricted)
rElec    .         Reflect  .   (no cloak)
rCorr    .         Harm     .   (gloves unavailable)
MR       .....                  (boots unavailable)
Stlth    +.........             l - amulet of guardian spirit
HPRegen  0.60/turn              (no ring)
MPRegen  0.09/turn              (no ring)

@: no status effects
A: large, unfitting armour, claws 3, fast metabolism 3, gourmand, regeneration
1, shaggy fur 1, tough skin 2
a: no special abilities


You were on level 5 of the Dungeon.
You were very full.

You visited 1 branch of the dungeon, and saw 5 of its levels.

You collected 134 gold pieces.

Inventory:

Armour
 a - a +0 robe (worn)
 b - a +0 shield (worn)
Jewellery
 l - an amulet of guardian spirit (around neck)
Scrolls
 e - a scroll of amnesia {unknown}
 j - a scroll of fog {unknown}
 m - a scroll of remove curse {unknown}
 n - a scroll of teleportation {unknown}
 o - a scroll of immolation {unknown}
 p - a scroll of enchant armour {unknown}
Potions
 c - a potion of might
 f - a potion of agility {unknown}
 g - 2 potions of ambrosia
 h - a potion of haste
 i - 5 potions of brilliance
 k - a potion of resistance
Comestibles
 d - 13 rations


   Skills:
 + Level 3.4 Fighting
 + Level 3.4 Dodging
 + Level 3.5 Shields
 * Level 4.7 Unarmed Combat


You had 5 spell levels left.
You didn't know any spells.
Your spell library was empty.

Dungeon Overview and Level Annotations

Branches:
Dungeon (5/15)             Temple (0/1) D:4

Altars:
Dithmenos
Hepliaklqana
Qazlal
Trog
Wu Jian
Xom
Yredelemnul
The Shining One

Shops:
D:4 [

Annotations:
D:5 exclusion: door, Prince Ribbit


Innate Abilities, Weirdness & Mutations

You are too large for most types of armour.
You have claws for hands.
Your metabolism is lightning-fast.
You like to eat raw meat.
Your natural rate of healing is unusually fast.
You are covered in fur. (AC +1)
You have very tough skin. (AC +2)


Message History

Prince Ribbit blinks!
Prince Ribbit barely misses you.
You closely miss Prince Ribbit.
Prince Ribbit is moderately wounded.
Prince Ribbit blinks!
You block Prince Ribbit's attack.
You claw Prince Ribbit!
Prince Ribbit is heavily wounded.
Prince Ribbit hits you! x2
You closely miss Prince Ribbit.
Prince Ribbit is heavily wounded.
Prince Ribbit hits you!
* * * LOW HITPOINT WARNING * * *
You closely miss Prince Ribbit.
Prince Ribbit is heavily wounded.
Prince Ribbit barely misses you.
You closely miss Prince Ribbit.
Prince Ribbit is heavily wounded.
Prince Ribbit barely misses you. Prince Ribbit hits you!!
You die...

#.# #.# ##+## #.#
##...## ########.#
##.....###......#.#
##.......##.###..#.#
#.........#.##>..#.###
+.........+...........
#....@.$..#.#....#####
##...F...##..#...##
##.....###.......##
##...###.###..##.#
##'## ##.###.#.## #.#
##.##..## #.# ##.#.##
##.## ##..#
##...########.#


You could see Prince Ribbit.

Vanquished Creatures
  3 scorpions (D:4)
  A howler monkey (D:4)
  A hound (D:4)
  A centaur skeleton (D:4)
  An orc wizard (D:4)
  An adder (D:3)
  2 oozes
  An adder zombie (D:3)
  2 worms
  2 dart slugs
  4 leopard geckos
  11 orcs
  A ball python (D:1)
  10 bats
  2 giant cockroaches
  4 goblins
  8 hobgoblins
  20 jackals
  12 kobolds
  4 quokkas
  5 frilled lizards
  6 rats
102 creatures vanquished.

Notes
Turn   | Place    | Note
-------+----------+-------------------------------------------
     0 | D:1      | stealthycow the Troll Fighter began the quest for the Orb.
     0 | D:1      | Reached XP level 1. HP: 22/22 MP: 0/0
     6 | D:1      | Noticed a swamp worm
     6 | D:1      | Noticed a wyvern
     6 | D:1      | Noticed a polar bear
     6 | D:1      | Noticed an anaconda
    76 | D:1      | Reached XP level 2. HP: 29/29 MP: 1/1
   436 | D:1      | Reached XP level 3. HP: 33/36 MP: 2/2
  1028 | D:2      | Reached skill level 3 in Unarmed Combat
  1107 | D:2      | You fall through a shaft!
  1138 | D:3      | Reached XP level 4. HP: 41/44 MP: 3/3
  1351 | D:3      | Found a shadowy altar of Dithmenos.
  1557 | D:2      | Found a stormy altar of Qazlal.
  1659 | D:2      | Found a shimmering altar of Xom.
  1660 | D:2      | Found a hazy altar of Hepliaklqana.
  1660 | D:2      | Noticed a hungry ghost
  1661 | D:2      | Noticed a hungry ghost
  1661 | D:2      | Noticed a spectral ugly thing
  1875 | D:2      | Found a glowing golden altar of the Shining One.
  1877 | D:2      | Noticed an angel
  1920 | D:2      | Found a basalt altar of Yredelemnul.
  2191 | D:3      | Found a bloodstained altar of Trog.
  2459 | D:4      | Reached XP level 5. HP: 53/53 MP: 1/4
  2552 | D:4      | Reached skill level 4 in Unarmed Combat
  2590 | D:4      | Found a staircase to the Ecumenical Temple.
  2607 | D:4      | Reached XP level 6. HP: 29/61 MP: 2/5
  2745 | D:4      | Found Hoysosm's Antique Armour Shoppe.
  2904 | D:4      | Found an ornate altar of the Wu Jian Council.
  3249 | D:5      | Entered Level 5 of the Dungeon
  3409 | D:5      | Noticed Prince Ribbit
  3449 | D:5      | Slain by Prince Ribbit

Vault maps used:
D:1:      onia_arrival_zoo_common
D:2:      grunt_temple_overflow_holy_war, regret_index_temple_of_mockery,
          old_standard_altar
D:3:      overflow_temple_1_default, lemuel_crystal_altar, first_ration
D:4:      kennysheep_mini, minmay_temple_entry_grid, serial_shops, shop
D:5:      grunt_ministairs_7, uniq_prince_ribbit1

Skill      XL: |  1  2  3  4  5 |
---------------+----------------+-----
Unarmed Combat | 3 4 |  4.7
Shields        | 3 |  3.5
Fighting       | 3 |  3.4
Dodging        | 3 |  3.4

Action                   |  1- 3 |  4- 6 || total
-------------------------+-------+-------++-------
Melee: Unarmed           |   147 |   212 ||   359
  Use: Scroll            |       |     5 ||     5
  Eat: Chunk             |    16 |    21 ||    37
Armor: Robe              |    35 |    61 ||    96
Dodge: Dodged            |    37 |    68 ||   105
Block: Shield            |    47 |    97 ||   144

Table legend:
 A = Spawn XP
 B = Non-spawn XP
 C = Spawn XP percentage of total XP
 D = Spawn monster count
 E = Non-spawn monster count
 F = Spawn count percentage of total count
 G = Total turns spent on level
                    A         B        C        D         E        F      G
               +---------+---------+-------+---------+---------+-------+---------
         Total |       0 |     593 |   0.0 |       0 |     102 |   0.0 |  3449
               +---------+---------+-------+---------+---------+-------+---------
           D:1 |       0 |      61 |   0.0 |       0 |      34 |   0.0 |   920
           D:2 |       0 |      63 |   0.0 |       0 |      31 |   0.0 |   888
           D:3 |       0 |      61 |   0.0 |       0 |      17 |   0.0 |   630
           D:4 |       0 |     406 |   0.0 |       0 |      19 |   0.0 |   811
           D:5 |       0 |       2 |   0.0 |       0 |       1 |   0.0 |   200
               +---------+---------+-------+---------+---------+-------+---------
